 Dungeon Crawl Stone Soup version 0.29.0-4-gdea44cf6ec (webtiles) character file.

Game seed: 12603631361324578775

11 qw the Chopper (level 2, -6/17 HPs)
             Began as a Tengu Warper on Aug 28, 2022.
             Mangled by Natasha (7 damage)
             ... on level 2 of the Dungeon.
             The game lasted 00:00:04 (939 turns).

qw the Chopper (Tengu Warper)                        Turns: 939, Time: 00:00:04

Health: -6/17      AC:  8    Str: 11    XL:     2   Next: 29%
Magic:  6/6        EV:  5    Int: 13    God:
Gold:   66         SH:  0    Dex: 13    Spells: 5/5 levels left

rFire   . . .      SeeInvis .   Y - +0 hand axe
rCold   . . .      Faith    .   (no shield)
rNeg    . . .      Spirit   .   m - +0 chain mail
rPois   .          Reflect  .   (helmet restricted)
rElec   .          Harm     .   (no cloak)
rCorr   .          Rampage  .   (no gloves)
Will    .....                   (boots unavailable)
Stlth   ..........              (no amulet)
HPRegen 0.05/turn               (no ring)
MPRegen 0.10/turn               (no ring)

@: about to teleport
A: beak, talons 3
a: no special abilities


You were on level 2 of the Dungeon.
You visited 1 branch of the dungeon, and saw 2 of its levels.

You collected 66 gold pieces.


Innate Abilities, Weirdness & Mutations

You have a beak for a mouth.
You have claws for feet.


   Skills:
 - Level 2.0 Fighting
 + Level 3.2 Axes
 - Level 1.0 Throwing
 - Level 1.1 Armour
 - Level 2.1 Dodging
 - Level 2.0 Spellcasting
 - Level 2.4 Translocations


You had 5 spell levels left.
You didn't know any spells.
Your spell library contained the following spells:

 Spells                   Type           Power      Damage    Failure   Level
 Blink                    Tloc           14%        N/A       100%        2
 Gell's Gravitas          Tloc           7%         N/A       100%        3
 Lesser Beckoning         Tloc           7%         N/A       100%        3
 Teleport Other           Tloc           7%         N/A       100%        3
 Manifold Assault         Tloc           7%         N/A       100%        5

Inventory:

Hand Weapons
 i - a +0 mace
 Y - a +0 hand axe (weapon)
Armour
 m - a +0 chain mail (worn)
Scrolls
 a - a scroll of identify
 g - a scroll of teleportation
Potions
 e - a potion of curing {unknown}
 j - a potion of ambrosia {unknown}
 n - a potion of flight {unknown}

Dungeon Overview and Level Annotations

Branches:
Dungeon (2/15)

Altars:

Annotations:
D:2 Natasha


Message History

a +0 dagger; a kobold corpse
Found a dagger.
Found a spear.
Found a mace.
a - a scroll of identify Natasha, Servant of Life and Death comes into view.
Natasha hisses angrily.
Natasha mumbles some strange words.
Enter note: Natasha mumbles some strange words.
You hit the shadow imp. Your kick misses the shadow imp.
Your peck misses the shadow imp.
The shadow imp is lightly wounded.
You barely miss Natasha.
The iron imp picks up a beetle and eats it.
Natasha claws you.
The shadow imp hits you but does no damage.
You hit the shadow imp. You claw the shadow imp.
The shadow imp is heavily wounded.
You hit Natasha. Natasha claws you. The shadow imp hits you.
You hit the shadow imp.
You kill the shadow imp!
The shadow imp disappears in a puff of smoke!
You hit Natasha but do no damage. Natasha claws you but does no damage.
You barely miss Natasha. You claw Natasha. You peck Natasha.
Natasha is moderately wounded.
You closely miss the iron imp. Natasha claws you.
The iron imp hits you but does no damage.
938 ||| READING 2 scrolls of teleportation.
As you read the scroll of teleportation, it crumbles to dust.
You feel strangely unstable. Natasha claws you but does no damage.
The iron imp hits you.
You closely miss Natasha. You claw Natasha.
Natasha is heavily wounded.
You barely miss the iron imp. Natasha claws you!
You die...

#.###
#........####.####
#.# ########## #.#
#.# #.# #.# ###
#.# #.######## ...
..#
#........###.###
...
#..#####.#.....#
##
#.....##.#.ยค...#
##.##....@h....#
#.#####.#5....#
#.. ...#.....# ###
###########


You could see an iron imp (summoned) and Natasha.

Vanquished Creatures
  2 dart slugs (D:1)
  A hobgoblin (D:1)
  A ball python (D:1)
  A goblin (D:1)
  4 kobolds
9 creatures vanquished.

Vanquished Creatures (others)
  2 plants (D:1)
2 creatures vanquished.

Grand Total: 11 creatures vanquished

Notes
Turn   | Place    | Note
-------+----------+-------------------------------------------
     0 | D:1      | qw the Tengu Warper began the quest for the Orb.
     0 | D:1      | Reached XP level 1. HP: 12/12 MP: 4/4
     0 | D:1      | 0 ||| qw: Version: 0.1-a-89-g26bdef1
     0 | D:1      | 0 ||| qw: Game counter: 1699
     0 | D:1      | 0 ||| qw: Always use a shield: true
     0 | D:1      | 0 ||| qw: God list: Okawaru
     0 | D:1      | 0 ||| qw: Allow faded altars: false
     0 | D:1      | 0 ||| qw: Do Orc after D:15 true
     0 | D:1      | 0 ||| qw: Do second Lair branch before Depths: true
     0 | D:1      | 0 ||| qw: Lair rune preference: random
     0 | D:1      | 0 ||| qw: Plans: Normal
     0 | D:1      | 0 ||| PLANNING D:1-11
    35 | D:1      | 35 ||| Stepping ~*~*~tactically~*~*~ (stealth).
    36 | D:1      | 36 ||| Stepping ~*~*~tactically~*~*~ (stealth).
   256 | D:1      | Reached skill level 3 in Axes
   256 | D:1      | Reached XP level 2. HP: 11/17 MP: 6/6
   452 | D:1      | 452 ||| Stepping ~*~*~tactically~*~*~ (stealth).
   519 | D:1      | Found a faded altar of an unknown god.
   629 | D:1      | 629 ||| Stepping ~*~*~tactically~*~*~ (stealth).
   699 | D:1      | 699 ||| DROPPING orb of wrath.
   700 | D:1      | 700 ||| UPGRADING to +0 ring mail.
   710 | D:1      | 710 ||| DROPPING +0 leather armour.
   711 | D:1      | 711 ||| UPGRADING to +0 chain mail.
   721 | D:1      | 721 ||| DROPPING +0 ring mail.
   722 | D:1      | 722 ||| READING scroll labelled RANOQAEV BONO.
   723 | D:1      | 723 ||| READING 3 scrolls labelled HUUZEYFYDE.
   726 | D:1      | 726 ||| READING scroll labelled BINYCLOMMU.
   827 | D:1      | 827 ||| READING scroll labelled WAWAMA FUBRUIPH.
   828 | D:1      | 828 ||| DROPPING scroll of blinking.
   930 | D:2      | Noticed Natasha
   937 | D:2      | HP: 2/17 [Natasha (6)]
   938 | D:2      | 938 ||| READING 2 scrolls of teleportation.
   939 | D:2      | Mangled by Natasha

Levels and vault maps discovered:
D:1:      denvon_arrival_planthouse, layout_rooms,
          shapermc_ecumenical_altar_totnotflames
D:2:      layout_loops_cross, uniq_sigmund, uniq_natasha

Skill      XL: |  1 |
---------------+----+-----
Axes           | 3 |  3.2
Fighting       | |  2.0
Throwing       | |  1.0
Armour         | |  1.1
Dodging        | |  2.1
Spellcasting   | |  2.0
Translocations | |  2.4

Action                   || total
-------------------------++-------
Melee: Hand axe          ||    18
       Kick              ||     6
       Peck              ||     5
       Punch             ||     1
Throw: Boomerang         ||     7
  Use: Scroll            ||     5
Armor: Leather armour    ||     2
       Chain mail        ||     5
Dodge: Dodged            ||     4

Table legend:
 A = Non-vault XP
 B = Vault XP
 C = Vault XP percentage of total XP
 D = Non-vault monster count
 E = Vault monster count
 F = Vault count percentage of total count
                 A         B        C        D         E       F
            +---------+---------+-------+---------+---------+-------
      Total |      17 |       0 |   0.0 |       9 |       0 |   0.0
            +---------+---------+-------+---------+---------+-------
        D:1 |      16 |       0 |   0.0 |       8 |       0 |   0.0
        D:2 |       1 |       0 |   0.0 |       1 |       0 |   0.0
            +---------+---------+-------+---------+---------+-------
